 Dungeon Crawl Stone Soup version 0.20-a0-1073-g49e0d3e (webtiles) character file.

350 Jarno the Firebug (level 6, -1/28 HPs)
             Began as a Vine Stalker Fire Elementalist on Apr 28, 2017.
             Was a Priest of Uskayaw.
             Slain by an orc wizard
             ... wielding a +0 dagger
              (5 damage)
             ... on level 3 of the Dungeon on Apr 29, 2017.
             The game lasted 00:06:06 (2793 turns).

Jarno the Firebug (Vine Stalker Fire Elementalist)  Turns: 2793, Time: 00:06:07

Health: -1/28      AC:  2    Str: 10    XL:     6   Next: 61%
Magic:  0/10       EV: 12    Int: 17    God:    Uskayaw [***...]
Gold:   130        SH:  0    Dex: 15    Spells: 0/10 levels left

rFire    . . .     SeeInvis .   n - +2 dagger (elec)
rCold    . . .     Gourm    .   (no shield)
rNeg     . . .     Faith    .   a - +0 robe
rPois    .         Spirit   +   (no helmet)
rElec    .         Reflect  .   (no cloak)
rCorr    .         Harm     .   (no gloves)
MR       .....                  (no boots)
Stlth    ++........             (no amulet)
Regen    0.5/turn               (no ring)
MPRegen  0.2/turn               (no ring)

@: no status effects
A: fangs 2, regeneration 1, magic shield, antimagic bite, no potion heal 3, rot
immunity
a: Stomp, Line Pass, Renounce Religion


You were on level 3 of the Dungeon.
You worshipped Uskayaw.
Uskayaw was noncommittal.
You were not hungry.

You visited 1 branch of the dungeon, and saw 3 of its levels.

You collected 130 gold pieces.

Inventory:

Hand Weapons
 n - a +2 dagger of electrocution (weapon)
Missiles
 e - 116 stones (quivered)
Armour
 a - a +0 robe (worn)
 x - a +2 pair of boots
Jewellery
 k - an uncursed amulet of guardian spirit {unknown}
 q - an uncursed amulet of guardian spirit {unknown}
Scrolls
 f - 4 scrolls of teleportation {unknown}
 i - a scroll of recharging {unknown}
 j - a scroll of amnesia {unknown}
 m - a scroll of enchant weapon {unknown}
 r - a scroll of remove curse {unknown}
 t - 3 scrolls of identify {unknown}
 u - a scroll of fear {unknown}
Potions
 c - a potion of degeneration {unknown}
 g - 2 potions of heal wounds {unknown}
 h - 2 potions of curing {unknown}
 o - 3 potions of flight {unknown}
 p - a potion of mutation {unknown}
 s - a potion of might {unknown}
 v - a potion of cancellation {unknown}
Books
 b - a book of Flames

   Spells                             Type                      Level
   a - Flame Tongue                   Conjuration/Fire             1
   b - Throw Flame                    Conjuration/Fire             2
   c - Conjure Flame                  Conjuration/Fire             3
   d - Inner Flame                    Hexes/Fire                   3
   e - Sticky Flame                   Conjuration/Fire             4
   f - Fireball                       Conjuration/Fire             5
Comestibles
 d - 3 meat rations
 l - 3 royal jellies
 z - 2 bread rations


   Skills:
 - Level 1.5 Dodging
 - Level 2.5 Stealth
 - Level 0.2 Unarmed Combat
 - Level 2.5 Spellcasting
 * Level 4.2 Conjurations
 + Level 5.5 Fire Magic


You couldn't memorise any spells.
You knew the following spells:

 Your Spells              Type           Power        Failure   Level  Hunger
a - Flame Tongue          Conj/Fire      ###..        2%          1    #......
b - Throw Flame           Conj/Fire      ###...       3%          2    ##.....
c - Conjure Flame         Conj/Fire      ###.....     8%          3    ###....
d - Sticky Flame          Conj/Fire      ###.....     24%         4    #####..


Dungeon Overview and Level Annotations

Branches:
Dungeon (3/15)

Altars:
Cheibriados
Uskayaw


Innate Abilities, Weirdness & Mutations

You have extremely sharp teeth.
Your natural rate of healing is unusually fast.
When hurt, damage is shared between your health and your magic reserves.
Your bite disrupts and absorbs the magic of your enemies.
Potions cannot restore your health.
You are immune to rotting.


Message History

* * * LOW HITPOINT WARNING * * *
You hit something. Your bite misses something. Something hits you.
* * * LOW HITPOINT WARNING * * *
You hit something but do no damage. You miss something.
Something hits you but does no damage.
You barely miss something. You bite something. You drain its magic.
You feel invigorated. Something hits you but does no damage.
Uskayaw will force your foes to share their pain.
Uskayaw links your audience in an emotional bond!
You barely miss something. You miss something. Something hits you.
* * * LOW HITPOINT WARNING * * *
You closely miss something.
The leopard gecko is no longer sharing its pain.
Something hits you.
* * * LOW HITPOINT WARNING * * *
You closely miss something. Your bite misses something. Something hits you.
* * * LOW HITPOINT WARNING * * *
You barely miss something. Something hits you.
You die...

#.# #.##### #.# #.#...# #.# #.#
#.....### #.# #.# #.......# #.#
#.####.......######.####
#....'..<...[.......#..
######.......####...#.#
##########'########...#.##g#...
...............)@{l.......o.o.o
##########.########.....##.#..o
#.# ####..# #.## #..# #..# #..#
##.## #..# #..# ######... ##.##
#........# #..# #........


You could see a leopard gecko.

Vanquished Creatures
  Sigmund (D:2)
  2 orc priests (D:3)
  5 adders
  2 worms
  2 dart slugs
  2 leopard geckos
  9 orcs (D:3)
  10 bats
  3 giant cockroaches
  8 hobgoblins
  7 kobolds
  A frilled lizard (D:1)
  8 goblins
  7 rats
67 creatures vanquished.

Notes
Turn   | Place    | Note
-------+----------+-------------------------------------------
     0 | D:1      | Jarno the Vine Stalker Fire Elementalist began the quest for the Orb.
     0 | D:1      | Reached XP level 1. HP: 9/9 MP: 4/4
     1 | D:1      | Upgraded the game from 0.20-a0-1063-gb8e8b7e to 0.20-a0-1073-g49e0d3e
   278 | D:1      | Reached XP level 2. HP: 12/13 MP: 0/6
   282 | D:1      | Learned a level 2 spell: Throw Flame
  1093 | D:2      | Reached XP level 3. HP: 3/16 MP: 0/7
  1477 | D:2      | Found a faded altar of an unknown god.
  1544 | D:2      | Became a worshipper of Uskayaw the Reveler
  1544 | D:2      | Reached * piety under Uskayaw
  1590 | D:2      | Noticed Sigmund
  1605 | D:2      | Reached ** piety under Uskayaw
  1608 | D:2      | Killed Sigmund
  1608 | D:2      | Reached skill level 5 in Fire Magic
  1608 | D:2      | Gained mutation: Your natural rate of healing is unusually fast. [Vine Stalker growth]
  1608 | D:2      | Reached XP level 4. HP: 5/21 MP: 8/8
  1608 | D:2      | Reached XP level 5. HP: 6/24 MP: 9/9
  1879 | D:2      | Found a snail-covered altar of Cheibriados.
  2056 | D:2      | Reached XP level 6. HP: 25/28 MP: 10/10
  2069 | D:2      | Learned a level 3 spell: Conjure Flame
  2074 | D:2      | Learned a level 4 spell: Sticky Flame
  2771 | D:3      | Reached *** piety under Uskayaw
  2788 | D:3      | Reached **** piety under Uskayaw
  2793 | D:3      | Slain by an orc wizard

Vault maps used:
D:1:      dpeg_arrival_prison, serial_curves, eino_curves_01, eino_curves_02
D:2:      kennysheep_slug_shrine, serial_bayou, serial_bayou_lake_a,
          serial_bayou_shore_b, serial_bayou_pond_b, serial_bayou_pond_d,
          serial_bayou_pond_c, chequers_ecumenical_altar_island, uniq_sigmund

Skill      XL: |  1  2  3  4  5  6 |
---------------+-------------------+-----
Conjurations   | 3 4 |  4.2
Fire Magic     | 5 |  5.5
Dodging        | |  1.5
Stealth        | |  2.5
Unarmed Combat | |  0.2
Spellcasting   | |  2.5

Action                   |  1- 3 |  4- 6 || total
-------------------------+-------+-------++-------
Melee: Unarmed           |    20 |       ||    20
       Bite              |     6 |    20 ||    26
       Dagger            |    12 |    87 ||    99
 Cast: Flame Tongue      |    41 |    14 ||    55
       Throw Flame       |     2 |     2 ||     4
Invok: Line Pass         |       |     1 ||     1
 Stab: Sleeping          |     2 |     2 ||     4
  Eat: Bread ration      |     1 |       ||     1
       Chunk             |       |     3 ||     3
Armor: Robe              |    13 |    12 ||    25
Dodge: Dodged            |    41 |    38 ||    79
